Map: Dusty Gorge

Players

Uzikoti

  • Race: Terran Terran
  • League: Grandmaster
  • Spawn Location: 11:00

Boomzer

  • Race: Zerg Zerg
  • League: Master
  • Spawn Location: 9:00

PureLegacy - Winner!

  • Race: Terran Terran
  • Spawn Location: 3:00

LOADBLASTER - Winner!

  • Race: Terran Terran
  • League: Grandmaster
  • Spawn Location: 5:00

VOD

Have the link to the VOD?

Description

Time

  • Played on: Nov. 30, 2018, 2:24 p.m.
  • Length: 5:32
Show
View Real Time Build Order
Export as new Build Order

Uzikoti Terran 

Build Orders:  

Get SALT Encoding   

  12  0:00  SCV  
  13  0:13  Supply Depot  
  13  0:19  SCV  
  14  0:37  Barracks  
  14  0:41  Refinery  
  14  0:56  Barracks  
  14  1:02  SCV  
  15  1:14  SCV  
  16  1:24  Reaper  
  17  1:28  Orbital Command  
  17  1:36  Refinery  
  17  1:44  Reaper  
  18  1:54  SCV  
  19  2:03  Reaper  
  19  2:04  Supply Depot  
  20  2:13  SCV  
  21  2:16  Reaper  
  22  2:25  SCV  
  23  2:32  Factory  
  23  2:37  SCV  
  23  2:43  Reaper  
  25  2:48  Reaper  
  25  2:49  SCV  
  27  3:01  SCV  
  27  3:05  Supply Depot  
  28  3:13  SCV  
  28  3:15  Reaper  
  30  3:20  Reaper  
  30  3:25  SCV  
  31  3:37  SCV  
  31  3:39  Starport  
  31  3:50  Factory Tech Lab  
  29  4:10  Cyclone  
  29  4:11  SCV  
  29  4:12  Command Center  
  33  4:18  Viking  
  35  4:28  SCV  
  32  4:40  Supply Depot  
  32  4:42  Siege Tank  
  35  4:52  Viking  
  37  5:09  Barracks Reactor  
  37  5:12  Engineering Bay  
Show
View Real Time Build Order
Export as new Build Order

Boomzer Zerg 

Build Orders: Pool Only, Ravager All-In 

Get SALT Encoding   

  12  0:18  Spawning Pool  
  11  0:22  Drone  
  11  0:26  Drone  
  13  0:32  Drone  
  14  0:37  Extractor  
  14  0:41  Drone  
  14  0:42  Extractor  
  13  0:46  Drone  
  14  1:06  Roach Warren  
  14  1:08  Drone  
  14  1:15  Overlord  
  14  1:28  Overlord  
  14  1:45  Roach x2  
  18  1:51  Roach  
  20  2:05  Ravager  
  20  2:06  Ravager  
  20  2:08  Roach  
  24  2:14  Ravager  
  25  2:24  Roach  
  27  2:32  Ravager  
  28  2:55  Roach  
  30  3:19  Ravager  
  25  3:22  Roach  
  27  3:28  Roach  
  26  3:34  Roach  
  28  3:47  Ravager  
  26  3:49  Roach  
  26  3:51  Ravager x2  
  26  3:53  Overlord  
  30  4:14  Ravager  
  33  4:17  Roach  
  33  4:29  Roach x2  
  28  4:42  Ravager  
  28  4:44  Roach  
  28  4:45  Roach  
  25  4:50  Queen  
Show
View Real Time Build Order
Export as new Build Order

PureLegacy Terran - Winner!

Build Orders:  

Get SALT Encoding   

  12  0:00  SCV  
  13  0:13  SCV  
  14  0:18  Supply Depot  
  14  0:25  SCV  
  15  0:31  Refinery  
  15  0:39  SCV  
  16  0:46  Barracks  
  16  0:52  SCV  
  17  1:06  Barracks  
  17  1:17  Barracks  
  17  1:21  SCV  
  18  1:33  Reaper  
  19  1:40  Orbital Command  
  19  1:47  Refinery  
  19  1:55  Reaper  
  19  2:00  Supply Depot  
  20  2:08  Reaper  
  21  2:11  Reaper  
  21  2:13  SCV  
  23  2:25  SCV  
  23  2:27  Reaper  
  23  2:29  Supply Depot  
  25  2:39  SCV  
  25  2:40  Reaper  
  27  2:49  Reaper  
  28  2:56  Supply Depot  
  26  3:09  Reaper  
  26  3:12  Reaper  
  14  3:22  Reaper  
  14  3:26  SCV  
  12  3:42  Reaper  
  12  3:44  Reaper  
  13  3:51  SCV  
  13  3:54  Reaper  
  15  4:03  SCV  
  16  4:14  Reaper  
  16  4:15  SCV  
  16  4:16  Reaper  
  19  4:26  Reaper  
  19  4:28  SCV  
  21  4:42  SCV  
  21  4:45  Supply Depot  
  21  4:46  Reaper  
  21  4:48  Reaper  
  23  5:00  Reaper  
  23  5:06  SCV  
  24  5:18  SCV  
Show
View Real Time Build Order
Export as new Build Order

LOADBLASTER Terran - Winner!

Build Orders: Hellion Banshee 

Get SALT Encoding   

  12  0:00  SCV  
  13  0:12  SCV  
  14  0:20  Supply Depot  
  14  0:24  SCV  
  15  0:42  SCV  
  16  0:43  Barracks  
  16  0:49  Refinery  
  16  0:54  SCV  
  17  1:06  SCV  
  18  1:18  SCV  
  19  1:29  Marine  
  20  1:33  Orbital Command  
  20  1:45  Command Center  
  20  1:55  Factory  
  20  2:00  SCV  
  21  2:08  Barracks Reactor  
  21  2:11  Supply Depot  
  21  2:14  SCV  
  22  2:20  Refinery  
  22  2:26  SCV  
  23  2:38  SCV  
  24  2:45  Starport  
  24  2:51  Hellion x2  
  28  2:55  Barracks Tech Lab  
  28  3:04  Orbital Command  
  27  3:12  Hellion x2  
  31  3:27  Banshee  
  31  3:32  SCV  
  31  3:33  Hellion  
  31  3:34  Hellion  
  39  3:38  SCV  
  39  3:52  Cloaking Field  
  39  3:53  SCV  
  39  3:55  Hellion x2  
  44  3:58  Supply Depot, SCV  
  44  4:05  SCV  
  45  4:10  SCV  
  46  4:19  SCV, Banshee  
  46  4:20  Hellion  
  46  4:23  SCV  
  53  4:28  Supply Depot  
  53  4:31  SCV  
  54  4:49  Supply Depot  
  54  4:50  Hellion x2  
  54  4:51  SCV  
  59  4:54  SCV  
  58  5:12  SCV x2  
  58  5:14  Command Center  
  58  5:19  Barracks Tech Lab  
  60  5:30  Refinery x2  
Tags
 
Add a new tag
Caveats
  • Supply blocks, unpowered buildings, or Contaminate may cause inaccurate times.
  • Supply counts are checked every 10 seconds.